 Dungeon Crawl Stone Soup version 0.29.1-15-g9cfb28693d (webtiles) character file.

Game seed: 6183501203652214895

0 roninjake the Firebug (level 1, 0/14 HPs)
             Began as a Draconian Fire Elementalist on Mar 8, 2023.
             Slain by a quokka (1 damage)
             ... on level 1 of the Dungeon.
             The game lasted 00:06:03 (295 turns).

roninjake the Firebug (Draconian Fire Elementalist)  Turns: 295, Time: 00:06:04

Health: 0/14       AC:  4    Str: 10    XL:     1   Next: 8%
Magic:  2/3        EV: 12    Int: 15    God:
Gold:   3          SH:  0    Dex: 11    Spells: 3/4 levels left

rFire   . . .      SeeInvis .   (no weapon)
rCold   . . .      Faith    .   (no shield)
rNeg    . . .      Spirit   .   (body armour unavailable)
rPois   .          Reflect  .   (helmet restricted)
rElec   .          Harm     .   (no cloak)
rCorr   .          Rampage  .   (no gloves)
Will    .....                   (no boots)
Stlth   ++........              (no amulet)
HPRegen 0.04/turn               (no ring)
MPRegen 0.08/turn               (no ring)

@: no status effects
A: AC +4, unfitting armour, cold-blooded
a: no special abilities


You were on level 1 of the Dungeon.
You visited 1 branch of the dungeon, and saw 1 of its levels.

You collected 3 gold pieces.

Inventory:

Scrolls
 b - 2 scrolls of vulnerability {unknown}
Potions
 a - a potion of magic


   Skills:
 + Level 1.7 Dodging
 + Level 1.7 Stealth
 + Level 2.0 Spellcasting
 + Level 1.0 Conjurations
 + Level 3.0 Fire Magic


You had 3 spell levels left.
You knew the following spells:

 Your Spells              Type           Power      Damage    Failure   Level
a - Foxfire               Conj/Fire      28%        2x1d5     10%         1

Your spell library contained the following spells:

 Spells                   Type           Power      Damage    Failure   Level
 Scorch                   Fire           20%        2d6       10%         2
 Conjure Flame            Conj/Fire      7%         6-21      28%         3
 Inner Flame              Hex/Fire       6%         N/A       34%         3
 Tukima's Dance           Hex            1%         N/A       54%         3
 Flame Wave               Conj/Fire      7%         2d5       67%         4
 Passage of Golubria      Tloc           1%         N/A       91%         4
 Yara's Violent Unravell  Hex/Tmut       0%         3d3       99%         5


Dungeon Overview and Level Annotations

Branches:
Dungeon (1/15)

Altars:


Innate Abilities, Weirdness & Mutations

Your plain brown scales are hard. (AC +4)
You cannot fit into any form of body armour.
You are cold-blooded and may be slowed by cold attacks.


Message History

The quokka bites you but does no damage.
You hit the quokka but do no damage.
Your tail-slap misses the quokka.
The quokka barely misses you. The quokka bites you.
You barely miss the quokka.
The quokka bites you but does no damage.
You barely miss the quokka. The quokka bites you.
You hit the quokka.
The quokka is lightly wounded.
The quokka closely misses you.
You hit the quokka but do no damage. You tail-slap the quokka.
The quokka is moderately wounded.
The quokka bites you.
You hit the quokka.
The quokka is heavily wounded.
The quokka bites you.
* * * LOW HITPOINT WARNING * * *
The quokka bites you but does no damage.
You closely miss the quokka.
The quokka is heavily wounded.
The hobgoblin shouts!
The quokka bites you but does no damage.
You hit the quokka but do no damage.
The quokka is heavily wounded.
The quokka bites you.
* * * LOW HITPOINT WARNING * * *
You barely miss the quokka.
You tail-slap the quokka, but do no damage.
The quokka is heavily wounded.
The quokka bites you but does no damage.
Casting: Foxfire (safe; 10% risk of failure)
Press: ? - help, Q - select action Dir - look around, f - activate Look: a quokka (heavily wounded)
You conjure some foxfire!
The quokka misses you.
The foxfire hits the hobgoblin.
The hobgoblin is almost dead.
You barely miss the quokka.
The quokka is heavily wounded.
The quokka bites you but does no damage.
The quokka bites you.
You die...

..... ##.. #...#
#########.... ....#
...........# #...#
..........# #...#
.......#.###...# #..
...........rg.# #.# ##.#
#.#.###@#.###.#
#.###..###......v......#
.............###.#.#####
#.##..######## #.#.#
#.##.## ... # #.#..#
#.## ....## #.##.# #.#.#
#'####### #.##.# #.#.#
........# #.##.# #.#.#


You could see a quokka (ally target) and a hobgoblin.

Vanquished Creatures
  A rat (D:1)
1 creature vanquished.

Vanquished Creatures (others)
  2 foxfires (D:1)
2 creatures vanquished.

Grand Total: 3 creatures vanquished

Notes
Turn   | Place    | Note
-------+----------+-------------------------------------------
     0 | D:1      | roninjake the Draconian Fire Elementalist began the quest
                  | for the Orb.
     0 | D:1      | Reached XP level 1. HP: 14/14 MP: 3/3
   295 | D:1      | Slain by a quokka

Illustrated notes

Levels and vault maps discovered:
D:1:      elethiomel_arrival_infinity_welcomes_careful_drivers, layout_basic,
          serial_corexii_hall, corexii_hall_statues_l, corexii_hall_statues_i

Action                   || total
-------------------------++-------
Melee: Unarmed           ||    14
       Tailslap          ||     3
 Cast: Foxfire           ||     2
 Stab: Sleeping          ||     1
Armor: Skin              ||     6
Dodge: Dodged            ||     5
